Map: Ley Lines

Players

FallinInFall

  • Race: Zerg Zerg
  • League: Master
  • Spawn Location: 1:00

A.I. 1 (Hard) - Winner!

  • Race: Protoss Protoss
  • Spawn Location: 7:00

VOD

Have the link to the VOD?

Description

Time

  • Played on: Oct. 7, 2025, 8:10 a.m.
  • Length: 8:17
Show
View Real Time Build Order
Export as new Build Order

FallinInFall Zerg 

Build Orders: Pool First 

Get SALT Encoding   

  12  0:01  Drone  
  13  0:08  Drone  
  14  0:17  Overlord  
  14  0:23  Drone, Extractor  
  15  0:35  Drone  
  16  0:42  Spawning Pool  
  15  0:44  Drone  
  15  0:47  Drone  
  17  1:08  Hatchery  
  17  1:10  Drone  
  17  1:25  Extractor  
  16  1:29  Zergling x6  
  16  1:32  Queen  
  21  1:40  Overlord  
  21  1:59  Drone  
  22  2:02  Drone  
  22  2:08  Queen  
  25  2:13  Drone  
  26  2:21  Drone, Queen  
  29  2:23  Drone  
  30  2:34  Drone x2  
  32  2:37  Metabolic Boost  
  32  2:39  Drone  
  32  2:41  Drone  
  34  2:45  Drone  
  34  2:47  Drone  
  36  3:02  Hatchery  
  35  3:08  Drone  
  36  3:16  Overlord  
  36  3:21  Overlord  
  36  3:32  Queen, Spore Crawler x2  
  36  3:34  Drone  
  36  3:35  Drone x2  
  39  3:42  Drone x3  
  39  3:44  Drone  
  39  3:47  Drone  
  44  3:50  Drone  
  44  3:51  Drone  
  44  3:53  Drone  
  47  3:56  Drone  
  47  3:58  Drone  
  47  4:00  Drone  
  47  4:01  Drone  
  51  4:09  Overlord  
  51  4:13  Overlord  
  51  4:17  Spore Crawler  
  50  4:19  Drone x4  
  50  4:23  Queen  
  56  4:25  Drone  
  56  4:26  Drone  
  58  4:33  Roach Warren  
  58  4:34  Drone x2  
  58  4:36  Drone  
  60  4:39  Drone  
  60  4:40  Drone x2  
  60  4:42  Drone  
  60  4:45  Lair  
  64  4:47  Drone  
  64  4:49  Drone  
  64  4:50  Drone x2  
  68  4:53  Extractor  
  68  4:54  Extractor  
  68  4:55  Extractor  
  68  4:58  Overlord  
  65  5:01  Overlord  
  65  5:06  Overlord  
  65  5:19  Overlord x2  
  65  5:21  Roach x8  
  81  5:31  Roach x5  
  91  5:39  Overlord  
  91  5:42  Overlord  
  91  5:43  Glial Reconstitution  
  91  5:47  Overseer  
  91  5:50  Roach x5  
  91  5:52  Overlord  
  91  5:54  Roach  
  91  5:55  Roach  
  105  6:05  Overlord  
  105  6:08  Roach x4  
  113  6:15  Roach x5  
  113  6:18  Overlord  
  123  6:22  Overlord  
  123  6:26  Overlord  
  122  6:43  Zergling x30  
  137  6:48  Ravager  
  137  6:49  Ravager x5  
  143  6:54  Zergling x2  
  143  6:55  Zergling x6  
  143  7:00  Zergling x2  
  148  7:05  Zergling x4  
  150  7:16  Zergling x8  
  150  7:17  Zergling x2  
Show
View Real Time Build Order
Export as new Build Order

A.I. 1 (Hard) Protoss - Winner!

Build Orders:  

Get SALT Encoding   

  12  0:00  Probe  
  13  0:13  Probe  
  14  0:19  Pylon  
  14  0:25  Probe  
  15  0:33  Probe  
  15  0:41  Probe  
  16  0:48  Assimilator  
  17  0:51  Gateway, Probe  
  18  1:00  Probe, Pylon  
  19  1:17  Probe  
  20  1:38  Zealot  
  22  1:40  Gateway  
  22  1:41  Cybernetics Core  
  22  1:43  Assimilator  
  22  1:58  Pylon  
  22  2:08  Adept  
  24  2:23  Warp Gate  
  24  2:30  Zealot  
  26  2:39  Stalker  
  26  2:43  Pylon  
  28  2:54  Stalker  
  28  2:57  Stalker  
  30  3:09  Probe  
  33  3:18  Pylon  
  33  3:21  Stalker, Probe  
  36  3:30  Adept  
  36  3:34  Probe  
  39  3:40  Forge  
  39  3:46  Probe  
  39  3:48  Stalker  
  42  3:57  Stalker  
  42  3:58  Probe  
  45  4:07  Probe  
  46  5:47  Protoss Ground Weapons Level 1  
  46  5:57  Sentry  
  46  5:59  Gateway  
  46  6:02  Twilight Council  
  46  6:03  Photon Cannon  
  48  6:05  Photon Cannon  
  48  6:07  Adept, Nexus, Robotics Facility  
  48  6:10  Pylon  
  50  6:14  Forge  
  50  6:17  Adept  
  51  6:27  Sentry  
  51  6:31  Stargate  
  51  6:37  Stalker  
  53  6:54  Observer  
  54  7:12  Observer  
  54  7:19  Zealot  
  54  7:20  Probe  
  56  7:27  Zealot  
  49  7:32  Probe  
  44  7:43  Stalker  
  34  7:49  Pylon  
  34  7:50  Stalker  
  36  7:54  Stalker  
  34  8:02  Probe  
Tags
 
League
Master
Matchup
PvZ
Opening
Pool First
Spawn Locations
Cross Positions
Add a new tag
Caveats
  • Supply blocks, unpowered buildings, or Contaminate may cause inaccurate times.
  • Supply counts are checked every 10 seconds.